 Dungeon Crawl Stone Soup version 0.17.1-1-g73c8601 (webtiles) character file.

6412 Implojin the Fighter (level 10, -5/102 HPs)
             Began as a Minotaur Fighter on Apr 8, 2016.
             Was a High Priest of Okawaru.
             Slain by a yak (13 damage)
             ... led by a torpor snail
             ... on level 4 of the Lair of Beasts.
             The game lasted 00:19:37 (2329 turns).

Implojin the Fighter (Minotaur Fighter)             Turns: 2329, Time: 00:19:37

Health: -5/102     AC:  9    Str: 25    XL:     10   Next: 66%
Magic:  6/9        EV: 10    Int:  5    God:    Okawaru [*****.]
Gold:   146        SH: 12    Dex: 14    Spells: 2 memorised, 5 levels left

rFire  . . .     SeeInvis .     a - +1 war axe
rCold  . . .     Clarity  .     b - +0 scale mail
rNeg   . . .     SustAt   .     c - +0 shield
rPois  .         Gourm    .     (helmet restricted)
rElec  .         Spirit   .     (no cloak)
rCorr  .         Warding  .     v - +0 pair of gloves
rMut   .         Stasis   .     (no boots)
MR     .....                    x - amulet of faith
Stlth  +.........               (no ring)
                                h - +5 ring of strength

@: heroism, slowed, very slow, not resistant to hostile enchantments, very
unstealthy
A: retaliatory headbutt, horns 2
a: Heroism, Finesse, Renounce Religion


You were on level 4 of the Lair of Beasts.
You worshipped Okawaru.
Okawaru was extremely pleased with you.
You were not hungry.

You visited 2 branches of the dungeon, and saw 15 of its levels.
You also visited: Ossuary.

You collected 146 gold pieces.

Inventory:

Hand Weapons
 a - a +1 war axe (weapon)
 m - a +1 scimitar of flaming
Missiles
 y - 2 silver javelins (quivered)
Armour
 b - a +0 scale mail (worn)
 c - a +0 shield (worn)
 v - a +0 pair of gloves (worn)
Jewellery
 h - a +5 ring of strength (left hand)
 x - an amulet of faith (around neck)
 F - an uncursed ring of teleportation
Wands
 f - a wand of frost (21)
 w - a wand of magic darts (32)
 B - a wand of fire (7)
 D - a wand of draining (9)
Scrolls
 d - 3 scrolls of fog
 g - 3 scrolls of remove curse
 i - a scroll of enchant armour
 l - a scroll of noise
 o - 2 scrolls of enchant weapon
 t - a scroll of recharging
 u - a scroll of amnesia
 z - a scroll of blinking
Potions
 k - a potion of brilliance
 p - a potion of haste {unknown}
 q - a potion of resistance
 r - 4 potions of curing
 s - a potion of magic
 E - a potion of cure mutation
Books
 j - a book of Air

   Spells                             Type                      Level
   a - Shock                          Conjuration/Air              1
   b - Swiftness                      Charms/Air                   2
   c - Repel Missiles                 Charms/Air                   2
   d - Static Discharge               Conjuration/Air              3
   e - Lightning Bolt                 Conjuration/Air              5
Comestibles
 e - 4 bread rations
 n - 3 meat rations
 A - 4 chunks of flesh
 C - a royal jelly


   Skills:
 - Level 13.8(18.8) Fighting
 - Level 12.1(17.1) Axes
 - Level 3.6(8.6) Armour
 * Level 5.3(10.3) Dodging
 - Level 3.6(8.6) Shields


You had 5 spell levels left.
You knew the following spells:

 Your Spells              Type           Power        Failure   Level  Hunger
a - Swiftness             Chrm/Air       #.......     100%        2    ###....
b - Repel Missiles        Chrm/Air       #.....       100%        2    ###....


Dungeon Overview and Level Annotations

Branches:
Dungeon (11/15)            Temple (0/1) D:4            Lair (4/8) D:9
    Orc (0/4) D:11
  Swamp: Lair:3-6    Shoals: Lair:3-6     Snake: Lair:3-6    Spider: Lair:3-6

Altars:
Dithmenos
Fedhas
Gozag
Makhleb
Nemelex Xobeh
Okawaru
Vehumet
Xom
Yredelemnul

Annotations:
D:11 Josephine


Innate Abilities, Weirdness & Mutations

You reflexively headbutt those who attack you in melee.
You have a pair of horns on your head.


Message History

* * * LOW HITPOINT WARNING * * *
Unknown command.
You gain the combat prowess of a mighty hero.
You feel slightly more hungry. The porcupine bites you.
* * * LOW HITPOINT WARNING * * *
You block the crocodile's attack.
Unknown command.
You slash the porcupine!
You kill the porcupine!
Okawaru accepts your kill.
Your base Dodging skill increases to level 5!
You hit the crocodile but do no damage.
Unknown command.
You hit the crocodile. You headbutt the crocodile!
The crocodile is heavily wounded.
You slash the crocodile!
The crocodile is almost dead.
You block the crocodile's attack.
You slash the crocodile!
You kill the crocodile!
Okawaru accepts your kill.
There is a stone staircase leading down here.
You climb downwards. 2 yaks, a hippogriff, a spiny frog and a torpor snail come into view.
The spiny frog croaks.
The yak bellows!
The yak bellows!
Being near the torpor snail leaves you feeling lethargic.
Found 4 gold pieces.
A yak comes into view.
There is a stone staircase leading up here.
The hippogriff screeches!
The yak gores you!
* * * LOW HITPOINT WARNING * * *
Unknown command.
The yak bellows!
You slash the yak!
The yak is lightly wounded.
Your hands slow down.
Unknown command.
The yak gores you!
You die...

.....# .♣...
.... ## # $..
.##
..###.H♣..##
......F....#
...........#
♣.@.♣
.......Y...#
......Y....#
#####..♣..#.#
... .## #
.wY. .# .♣...
#. .....# .


You could see a torpor snail, 3 yaks, a hippogriff and a spiny frog.

Vanquished Creatures
  3 hill giants (D:10)
  An elephant (D:9)
  A blink frog (Lair:3)
  5 yaks
  3 wraiths
  A hippogriff (Lair:1)
  A hungry ghost (D:7)
  A porcupine (Lair:3)
  A sky beast (D:10)
  A phantom (D:9)
  An ice beast (D:10)
  2 crocodiles
  14 big kobolds (D:10)
  2 centaurs
  2 elf zombies
  Blork the orc (D:4)
  7 giant frogs
  A scorpion (D:7)
  A water moccasin skeleton (D:10)
  A giant frog zombie (D:10)
  2 hounds
  2 human zombies (D:5)
  A jelly (D:7)
  A quasit (D:7)
  An orc priest (D:9)
  3 iguanas
  A giant frog skeleton (D:10)
  5 worker ants
  4 sheep
  A big kobold zombie (Ossuary)
  2 hound zombies (Ossuary)
  4 mummies (Ossuary)
  3 gnolls (D:4)
  6 adders
  2 worms
  A giant gecko (D:4)
  3 orcs
  2 ball pythons
  3 giant cockroaches
  A gnoll zombie (Ossuary)
  A hobgoblin (D:1)
  5 jackals
  10 kobolds
  2 quokkas
  A bat (D:1)
  A giant newt (D:7)
  A goblin zombie (Ossuary)
  2 hobgoblin zombies (Ossuary)
  3 orc skeletons (D:5)
  An orc zombie (Ossuary)
  A quokka zombie (D:5)
  A rat (D:1)
  3 rat zombies (Ossuary)
130 creatures vanquished.

Notes
Turn   | Place    | Note
--------------------------------------------------------------
     0 | D:1      | Implojin the Minotaur Fighter began the quest for the Orb.
     0 | D:1      | Reached XP level 1. HP: 19/19 MP: 0/0
    67 | D:1      | Reached skill level 3 in Axes
    70 | D:2      | Found a sparkling altar of Nemelex Xobeh.
    70 | D:2      | Found an iron altar of Okawaru.
    71 | D:2      | Found a radiant altar of Vehumet.
    75 | D:2      | Became a worshipper of Warmaster Okawaru
    78 | D:2      | Found a burning altar of Makhleb.
    82 | D:2      | Found a shadowy altar of Dithmenos.
   105 | D:2      | Reached XP level 2. HP: 26/26 MP: 1/1
   224 | D:4      | Reached skill level 4 in Axes
   225 | D:4      | Noticed Blork the orc
   234 | D:4      | Reached XP level 3. HP: 25/31 MP: 2/2
   247 | D:4      | Reached skill level 5 in Axes
   300 | D:4      | Killed Blork the orc
   300 | D:4      | Reached skill level 6 in Axes
   300 | D:4      | Reached XP level 4. HP: 13/39 MP: 3/3
   362 | D:4      | Reached XP level 5. HP: 9/45 MP: 4/4
   383 | D:4      | Reached * piety under Okawaru
   383 | D:4      | Reached skill level 7 in Axes
   427 | D:4      | Found a staircase to the Ecumenical Temple.
   457 | D:5      | Entered Level 5 of the Dungeon
   550 | D:5      | Reached XP level 6. HP: 24/51 MP: 2/5
   613 | D:5      | Reached skill level 8 in Axes
   625 | D:5      | Found a sand-covered staircase.
   638 | Ossuary  | Entered an ossuary
   659 | Ossuary  | Reached skill level 9 in Axes
   666 | Ossuary  | Reached skill level 4 in Fighting
   666 | Ossuary  | Reached XP level 7. HP: 22/59 MP: 3/6
   875 | D:6      | Found a blossoming altar of Fedhas.
   883 | D:7      | Found a basalt altar of Yredelemnul.
   899 | D:7      | Reached skill level 5 in Fighting
   953 | D:7      | Reached skill level 6 in Fighting
  1006 | D:7      | Reached skill level 7 in Fighting
  1051 | D:7      | Reached ** piety under Okawaru
  1083 | D:7      | Reached XP level 8. HP: 40/74 MP: 4/7
  1090 | D:7      | Reached skill level 8 in Fighting
  1332 | D:9      | Reached skill level 9 in Fighting
  1366 | D:8      | Found a shimmering altar of Xom.
  1382 | D:10     | Entered Level 10 of the Dungeon
  1388 | D:10     | Found an opulent altar of Gozag.
  1406 | D:11     | Noticed Josephine
  1427 | D:10     | Reached skill level 10 in Axes
  1459 | D:10     | Reached skill level 11 in Axes
  1471 | D:10     | Reached *** piety under Okawaru
  1471 | D:10     | Reached XP level 9. HP: 24/83 MP: 8/8
  1483 | D:10     | Reached skill level 12 in Axes
  1504 | D:10     | Reached skill level 10 in Fighting
  1553 | D:10     | Learned a level 2 spell: Swiftness
  1556 | D:10     | Learned a level 2 spell: Repel Missiles
  1613 | D:10     | Noticed a hill giant
  1622 | D:10     | Killed a hill giant
  1622 | D:10     | Reached **** piety under Okawaru
  1622 | D:10     | Reached skill level 11 in Fighting
  1768 | D:10     | Noticed a hill giant
  1775 | D:10     | Killed a hill giant
  1775 | D:10     | Reached skill level 12 in Fighting
  1879 | D:10     | Reached ***** piety under Okawaru
  1879 | D:10     | Reached XP level 10. HP: 56/99 MP: 9/9
  1920 | D:10     | Reached skill level 13 in Fighting
  1953 | D:10     | Noticed a hill giant
  1963 | D:10     | Killed a hill giant
  2022 | D:11     | Found a staircase to the Orcish Mines.
  2161 | D:9      | Found a staircase to the Lair.
  2161 | D:9      | Noticed an elephant
  2162 | D:9      | Noticed a death yak
  2169 | D:9      | Reached skill level 1 in Dodging
  2188 | D:9      | Killed an elephant
  2188 | D:9      | Reached skill level 3 in Dodging
  2205 | Lair:1   | Entered Level 1 of the Lair of Beasts
  2262 | Lair:3   | Reached skill level 4 in Dodging
  2317 | Lair:3   | Reached skill level 5 in Dodging
  2329 | Lair:4   | Slain by a yak

Action                   |  1- 3 |  4- 6 |  7- 9 | 10-12 || total
-------------------------+-------+-------+-------+-------++-------
Melee: War axe           |    42 |    78 |   193 |    83 ||   396
Throw: Javelin           |       |       |     4 |     2 ||     6
Invok: Heroism           |       |     4 |    12 |     6 ||    22
       Finesse           |       |       |       |     2 ||     2
  Use: Potion            |     1 |     1 |       |       ||     2
       Scroll            |       |     3 |    15 |     2 ||    20
 Stab: Sleeping          |       |     1 |       |       ||     1
  Eat: Chunk             |       |       |     3 |       ||     3
       Fruit             |       |       |     2 |       ||     2
       Meat ration       |       |       |     1 |       ||     1

Table legend:
 A = Turns spent in this place as a percentage of turns spent in the entire game.
 B = Non-inter-level travel turns spent in this place as a percentage of non-inter-level travel turns spent in the entire game.
 C = Inter-level travel turns spent in this place as a percentage of turns spent in this place.
 D = Turns resting spent in this place as a percentage of non-inter-level travel turns spent in this place.
 E = Turns spent auto-exploring this place as a percentage of non-inter-level travel turns spent in this place.
 F = Non-inter-level travel turns spent in this place divided by the number of levels of this place that you've seen.
                   A       B       C       D       E      F
               +-------+-------+-------+-------+-------+----------------------
         Total | 100.0 | 100.0 |   0.0 |   0.1 |   0.0 | 148.1
       Dungeon |  87.4 |  87.4 |   0.0 |   0.1 |   0.0 | 188.4
          Lair |   6.1 |   6.1 |   0.0 |   0.0 |   0.0 |  36.0
       Ossuary |   6.5 |   6.5 |   0.0 |   0.0 |   0.0 | 154.0
               +-------+-------+-------+-------+-------+----------------------

Table legend:
 A = Kills in this place as a percentage of kills in entire the game.
 B = Kills by you in this place as a percentage of kills by you in the entire game.
 C = Kills by friends in this place as a percentage of kills by friends in the entire game.
 D = Other kills in this place as a percentage of other kills in the entire game.
 E = Experience gained in this place as a percentage of experience gained in the entire game.
 F = Experience gained in this place divided by the number of levels of this place that you have seen.
                   A       B       C       D       E      F
               +-------+-------+-------+-------+-------+----------------------
         Total | 100.0 | 100.0 |  -nan |  -nan | 100.0 | 572.6
       Dungeon |  82.2 |  82.2 |  -nan |  -nan |  86.7 | 722.4
          Lair |   6.2 |   6.2 |  -nan |  -nan |  10.6 | 243.0
       Ossuary |  11.6 |  11.6 |  -nan |  -nan |   2.7 | 243.0
               +-------+-------+-------+-------+-------+----------------------
